 Dungeon Crawl Stone Soup version 0.27.1-34-g3ba077fa99 (webtiles) character file.

Game seed: 12429512179543695916

396 shadowrider38 the Skirmisher (level 6, 0/55 HPs)
             Began as a Demonspawn Fighter on Jan 5, 2022.
             Slain by an orc (4 damage)
             ... on level 5 of the Dungeon.
             The game lasted 00:08:08 (4309 turns).

shadowrider38 the Skirmisher (Demonspawn Fighter)   Turns: 4309, Time: 00:08:09

Health: 0/55       AC: 10    Str: 19    XL:     6   Next: 52%
Magic:  6/6        EV:  7    Int:  9    God:
Gold:   200        SH:  9    Dex: 12    Spells: 5/5 levels left

rFire    + . .     SeeInvis .   a - +0 trident
rCold    x . .     Faith    .   c - +0 kite shield
rNeg     . . .     Spirit   .   b - +0 scale mail
rPois    .         Reflect  .   (no helmet)
rElec    .         Harm     .   (no cloak)
rCorr    +         Rampage  .   u - +0 pair of gloves
Will     .....                  (no boots)
Stlth    ..........             (no amulet)
HPRegen  0.18/turn              f - ring of fire
MPRegen  0.10/turn              t - ring of resist corrosion

@: no status effects
A: yellow scales 2, demonic magic 1
a: no special abilities


You were on level 5 of the Dungeon.
You visited 1 branch of the dungeon, and saw 6 of its levels.

You collected 200 gold pieces.

Inventory:

Hand Weapons
 a - a +0 trident (weapon)
Missiles
 e - 131 stones (quivered)
 j - 39 poisoned darts
Armour
 b - a +0 scale mail (worn)
 c - a +0 kite shield (worn)
 u - a +0 pair of gloves (worn)
Jewellery
 f - a ring of fire (left hand)
 t - a ring of resist corrosion (right hand)
 v - a ring of flight
Scrolls
 h - 3 scrolls of vulnerability {unknown}
 k - 3 scrolls of identify {unknown}
 n - 2 scrolls of enchant weapon {unknown}
 o - a scroll of teleportation {unknown}
 q - 2 scrolls of amnesia {unknown}
 r - a scroll of immolation {unknown}
Potions
 d - 3 potions of might
 g - 2 potions of magic {unknown}
 i - a potion of attraction {unknown}
 l - a potion of brilliance {unknown}
 m - a potion of flight {unknown}
 p - a potion of lignification {unknown}
 s - 2 potions of cancellation {unknown}


   Skills:
 + Level 7.2 Fighting
 - Level 1.8 Polearms
 - Level 2.8 Armour
 - Level 3.0 Shields


You had 5 spell levels left.
You didn't know any spells.
Your spell library contained the following spells:

 Spells                   Type           Power      Damage    Failure   Level
 Corpse Rot               Necr/Air       N/A        N/A       100%        2
 Poisonous Vapours        Pois/Air       0%         N/A       100%        2
 Slow                     Hex            0%         N/A       100%        2
 Confusing Touch          Hex            0%         N/A       100%        3
 Conjure Flame            Conj/Fire      0%         6-21      100%        3
 Ignite Poison            Fire/Tmut/Pois 0%         N/A       100%        3
 Sticky Flame             Conj/Fire      0%         2d3       100%        4
 Freezing Cloud           Conj/Ice/Air   0%         6-21      100%        5
 Yara's Violent Unravell  Hex/Tmut       0%         3d3       100%        5


Dungeon Overview and Level Annotations

Branches:
Dungeon (6/15)
 Temple: D:4-7

Altars:

Annotations:
D:2 1 runed translucent door, Crazy Yiuf
D:3 Sigmund


Innate Abilities, Weirdness & Mutations

You are mostly covered in yellow scales. (AC +3)
Spells you cast may paralyse adjacent enemies.


Message History

You climb downwards.
The orc warrior shouts!
You block the orc priest's attack. x2
There is a stone staircase leading up here.
The orc hits you but does no damage. You block the orc priest's attack.
You climb upwards.
The howler monkey hoots and howls with incredible vigour!
The howler monkey hits you.
You hear a shout!
There is a stone staircase leading down here.
You hit the orc priest.
The orc priest is moderately wounded.
The orc closely misses you. You block the howler monkey's attack.
The orc priest hits you but does no damage.
The orc closely misses you.
You barely miss the orc priest.
The orc priest is moderately wounded.
The howler monkey hits you.
The orc priest calls down the wrath of Beogh upon you.
Beogh smites you!
* * * LOW HITPOINT WARNING * * *
The howler monkey hoots and howls with incredible vigour!
The orc hits you but does no damage. You block the orc priest's attack.
You puncture the orc priest!
You kill the orc priest!
The howler monkey hits you.
* * * LOW HITPOINT WARNING * * *
The orc barely misses you.
The howler monkey hits you but does no damage.
You closely miss the orc. The orc hits you with a +0 dagger.
* * * LOW HITPOINT WARNING * * *
The howler monkey hits you.
* * * LOW HITPOINT WARNING * * *
The orc hits you with a +0 dagger.
* * * LOW HITPOINT WARNING * * *
The howler monkey barely misses you.
You closely miss the orc.
The howler monkey hoots and howls with incredible vigour!
The orc hits you with a +0 dagger.
You die...

#. #. #. #.########
#....h@o.#
#....)...#
#........######
######.............#
....Z.........####.#
..............# #.#
#####.........# #.#
#..###.#### #.#####
#.. #.# #.....#


You could see a howler monkey (catching breath), an orc and a bullfrog skeleton.

Vanquished Creatures
  A necrophage (D:5)
  A scorpion (D:5)
  A hound (D:4)
  An orc priest (D:5)
  An iguana (D:5)
  A hound skeleton (D:2)
  A gnoll (D:5)
  6 adders
  2 worms (D:4)
  2 dart slugs
  An orc (D:4)
  6 endoplasms
  6 giant cockroaches
  11 goblins
  7 hobgoblins
  3 jackals (D:3)
  A quokka (D:4)
  7 ball pythons
  4 bats
  6 frilled lizards
  4 kobolds (D:1)
  7 rats
80 creatures vanquished.

Notes
Turn   | Place    | Note
-------+----------+-------------------------------------------
     0 | D:1      | shadowrider38 the Demonspawn Fighter began the quest for
                  | the Orb.
     0 | D:1      | Reached XP level 1. HP: 18/18 MP: 1/1
   248 | D:1      | Found a faded altar of an unknown god.
   331 | D:1      | Gained mutation: You are partially covered in yellow
                  | scales. (AC +2) [demonic ancestry]
   331 | D:1      | Reached XP level 2. HP: 20/24 MP: 2/2
   869 | D:1      | Reached XP level 3. HP: 26/30 MP: 3/3
  1116 | D:2      | Reached skill level 4 in Fighting
  1256 | D:2      | Gained mutation: Spells you cast may paralyse adjacent
                  | enemies. [demonic ancestry]
  1256 | D:2      | Reached XP level 4. HP: 33/38 MP: 4/4
  1546 | D:2      | Reached skill level 5 in Fighting
  1813 | D:2      | Found a runed translucent door.
  1814 | D:2      | Noticed Crazy Yiuf
  2286 | D:3      | Noticed Sigmund
  2534 | D:4      | Gained mutation: You are mostly covered in yellow scales.
                  | (AC +3) [demonic ancestry]
  2534 | D:4      | Reached XP level 5. HP: 43/46 MP: 5/5
  2773 | D:4      | Found a glowing drain.
  3437 | D:5      | Entered Level 5 of the Dungeon
  3445 | D:5      | Noticed a necrophage
  3460 | D:5      | Killed a necrophage
  3461 | D:5      | Reached skill level 6 in Fighting
  3461 | D:5      | Reached XP level 6. HP: 48/53 MP: 6/6
  3492 | D:5      | Noticed an ice beast
  4295 | D:5      | Reached skill level 7 in Fighting
  4302 | D:6      | Noticed an orc warrior
  4309 | D:5      | Slain by an orc

Illustrated notes

Levels and vault maps discovered:
D:1:      minmay_arrival_doors, layout_loops_ring,
          ebering_ecumenical_altar_petrified, skrybe_limestone_x,
          minmay_bisected
D:2:      layout_rooms, uniq_crazy_yiuf_cottage
D:3:      layout_basic, uniq_sigmund
D:4:      layout_loops_ring, gup_sewer_entry_spiral, kennysheep_generic_room_8
D:5:      layout_loops_ring, minmay_misc_feat_square, uniq_menkaure
D:6:      layout_loops_ring, grunt_ministairs_2

Skill      XL: |  1  2  3  4  5  6 |
---------------+-------------------+-----
Shields        | 3 |  3.0
Fighting       | 4 5 6 7 |  7.2
Polearms       | |  1.8
Armour         | |  2.8

Action                   |  1- 3 |  4- 6 || total
-------------------------+-------+-------++-------
Melee: Trident           |    87 |   203 ||   290
Throw: Stone             |     8 |     4 ||    12
Armor: Scale mail        |    33 |    73 ||   106
Dodge: Dodged            |    16 |    62 ||    78
Block: Kite shield       |    34 |    82 ||   116
